 Dungeon Crawl Stone Soup version 0.26-a0-487-gbff1e92059 (webtiles) character file.

Game seed: 990332430316511377

60 ANON1729 the Cudgeler (level 3, -1/55 HPs)
             Began as a Troll Berserker on Aug 2, 2020.
             Was a Believer of Trog.
             Slain by Crazy Yiuf
             ... wielding a +2 quarterstaff of chaos
              (5 damage)
             ... on level 2 of the Dungeon.
             The game lasted 00:01:30 (1655 turns).

ANON1729 the Cudgeler (Troll Berserker)             Turns: 1655, Time: 00:01:31

Health: -1/55      AC:  6    Str: 25    XL:     3   Next: 80%
Magic:  2/2        EV: 10    Int:  4    God:    Trog [**....]
Gold:   90         SH:  0    Dex:  9    Spells: 2/2 levels left

rFire    . . .     SeeInvis .   a - +0 mace
rCold    . . .     Faith    .   (no shield)
rNeg     . . .     Spirit   .   b - +0 animal skin
rPois    .         Reflect  .   (helmet restricted)
rElec    .         Harm     .   (no cloak)
rCorr    .                      (gloves unavailable)
MR       .....                  (boots unavailable)
Stlth    ..........             (no amulet)
HPRegen  0.58/turn              (no ring)
MPRegen  0.08/turn              (no ring)

@: berserking, lethally poisoned (-1 -> -1), slowed
A: large, unfitting armour, claws 3, regeneration 1, shaggy fur 1, tough skin 3
a: Berserk, Trog's Hand, Renounce Religion


You were on level 2 of the Dungeon.
You worshipped Trog.
Trog was pleased with you.
You visited 1 branch of the dungeon, and saw 2 of its levels.

You collected 90 gold pieces.

Inventory:

Hand Weapons
 a - a +0 mace (weapon)
Armour
 b - a +0 animal skin (worn)
 l - a +0 tower shield
Scrolls
 c - a scroll of remove curse {unknown}
 e - a scroll of magic mapping {unknown}
 f - a scroll of enchant armour {unknown}
 g - 2 scrolls of teleportation {unknown}
 k - a scroll of blinking {unknown}
 m - a scroll of identify {unknown}
Potions
 d - 2 potions of flight {unknown}
 h - a potion of mutation {unknown}
 i - a potion of stabbing {unknown}
 j - 4 potions of curing {unknown}


   Skills:
 * Level 3.0 Fighting
 * Level 3.3 Maces & Flails
 + Level 3.0 Dodging
 + Level 0.0 Shields


You had 2 spell levels left.
You didn't know any spells.
Your spell library was empty.

Dungeon Overview and Level Annotations

Branches:
Dungeon (2/15)

Altars:

Annotations:
D:2 Crazy Yiuf


Innate Abilities, Weirdness & Mutations

You are too large for most types of armour.
You have claws for hands.
Your natural rate of healing is unusually fast.
You are covered in fur. (AC +1)
You have extremely tough skin. (AC +3)


Message History

You are too injured to fight recklessly!
You are too injured to fight recklessly!
You are too injured to fight recklessly!
You are too injured to fight recklessly!
You are too injured to fight recklessly!
You are too injured to fight recklessly!
You are too injured to fight recklessly!
You are too injured to fight recklessly!
A red film seems to cover your vision as you go berserk!
You feel yourself moving faster!
You feel mighty!
Crazy Yiuf hits you with a +2 quarterstaff of chaos!
* * * LOW HITPOINT WARNING * * *
Crazy Yiuf yells, "Cod!"
Crazy Yiuf hits you but does no damage.
You are poisoned.
You barely miss Crazy Yiuf.
Crazy Yiuf is moderately wounded.
You feel sick.
Crazy Yiuf hits you with a +2 quarterstaff of chaos.
You die...

# ##.## #.##.# # ###
#.##.# #.##.# #####
##.##.###### #..)#
#..##....... ####
#...# ###########.
#..# #...# #......
######.## #g#
######......
#...##.## ♣♣@♣
#..<..).....
#.......# ♣.♣♣
######......
#...##..# ♣♣.♣
#...... ###.###..#
♣.♣♣ ###.##.
#.....#..# ♣♣.♣♣
###.##. ###.....#..#
♣...♣ ### #......
........##.# ♣...♣♣
#.## #.#....
.##.....##.# #....#
##.###.#....
#.......##.###....##
##.##.#....


You could see Crazy Yiuf.

Vanquished Creatures
  3 worms (D:2)
  3 dart slugs
  2 leopard geckos (D:1)
  2 giant cockroaches (D:2)
  5 goblins
  8 hobgoblins
  4 bats
  3 frilled lizards
  4 kobolds
  10 rats
44 creatures vanquished.

Notes
Turn   | Place    | Note
-------+----------+-------------------------------------------
     0 | D:1      | ANON1729 the Troll Berserker began the quest for the Orb.
     0 | D:1      | Reached XP level 1. HP: 22/22 MP: 0/0
   113 | D:1      | Reached XP level 2. HP: 29/29 MP: 1/1
   674 | D:1      | Reached ** piety under Trog
   680 | D:1      | Reached XP level 3. HP: 36/36 MP: 2/2
  1220 | D:2      | Found a runed translucent door.
  1221 | D:2      | Noticed Crazy Yiuf
  1655 | D:2      | Slain by Crazy Yiuf

Illustrated notes

Levels and vault maps discovered:
D:1:      dpeg_arrival_ratfight, layout_basic, minmay_tiny_reverse_x
D:2:      layout_loops_ring, minivault_23, kennysheep_generic_room_3,
          uniq_crazy_yiuf_cottage

Skill      XL: |  1  2  3 |
---------------+----------+-----
Maces & Flails | 3 |  3.3
Fighting       | 3 |  3.0
Dodging        | 3 |  3.0

Action                   || total
-------------------------++-------
Melee: Mace              ||   127
Invok: Berserk           ||     1
Armor: Animal skin       ||    53
Dodge: Dodged            ||    79

Table legend: (Time is in decaauts)
 A = Elapsed time spent in this place.
 B = Non-inter-level travel time spent in this place.
 C = Inter-level travel time spent in this place.
 D = Time resting spent in this place.
 E = Time spent auto-exploring this place.
 F = Levels seen in this place.
 G = Mean time per level.
                   A        B        C        D        E       F      G
               +--------+--------+--------+--------+--------+-----+--------+
         Total |   1688 |   1625 |     63 |      0 |   1326 |   2 |  844.0 |
       Dungeon |   1688 |   1625 |     63 |      0 |   1326 |   2 |  844.0 |
               +--------+--------+--------+--------+--------+-----+--------+

Top non-repeatable levels by time:
     D:1: 900 daAuts
     D:2: 787 daAuts
